 Dungeon Crawl Stone Soup version 0.23.2-1-ga50397a (webtiles) character file.

Game seed: 11450231146606820021

97 Fang the Skirmisher (level 4, 0/29 HPs)
             Began as a Gargoyle Berserker on May 10, 2019.
             Was a Follower of Trog.
             Slain by a worm (8 damage)
             ... on level 2 of the Dungeon.
             The game lasted 00:01:37 (967 turns).

Fang the Skirmisher (Gargoyle Berserker)             Turns: 967, Time: 00:01:38

Health: 0/29       AC:  5    Str: 22    XL:     4   Next: 68%
Magic:  4/4        EV: 12    Int:  7    God:    Trog [*.....]
Gold:   93         SH:  0    Dex:  9    Spells: 3/3 levels left

rFire    . . .     SeeInvis .   a - +0 hand axe
rCold    . . .     Gourm    .   (no shield)
rNeg     + . .     Faith    .   b - +0 animal skin
rPois    ∞         Spirit   .   (no helmet)
rElec    +         Reflect  .   (no cloak)
rCorr    .         Harm     .   (no gloves)
MR       .....                  (no boots)
Stlth    +.........             (no amulet)
HPRegen  0.09/turn              (no ring)
MPRegen  0.09/turn              (no ring)

@: berserk cooldown, slowed, very slow
A: negative energy resistance 1, electricity resistance, unbreathing,
petrification resistance, rot immunity, AC +3
a: Berserk, Renounce Religion


You were on level 2 of the Dungeon.
You worshipped Trog.
Trog was aware of your devotion.
You were hungry.

You visited 1 branch of the dungeon, and saw 2 of its levels.

You collected 93 gold pieces.

Inventory:

Hand Weapons
 a - a +0 hand axe (weapon)
Armour
 b - a +0 animal skin (worn)
Scrolls
 d - a scroll of teleportation {unknown}
 e - a scroll of remove curse {unknown}
 i - a scroll of fear {unknown}
 k - a scroll of identify {unknown}
Potions
 f - a potion of magic {unknown}
 g - 2 potions of lignification {unknown}
 h - a potion of cancellation {unknown}
Comestibles
 c - a ration
 j - a chunk of flesh


   Skills:
 + Level 4.0 Fighting
 + Level 3.3 Axes
 + Level 3.2 Armour
 + Level 2.3 Dodging


You had 3 spell levels left.
You didn't know any spells.
Your spell library was empty.

Dungeon Overview and Level Annotations

Branches:
Dungeon (2/15)

Altars:


Innate Abilities, Weirdness & Mutations

You are resistant to torment.
Your stone body is resilient. (AC +3)
You are immune to poison.
You resist negative energy. (rN+)
You are resistant to electric shocks. (rElec)
You can survive without breathing.
You are immune to petrification.
You are immune to rotting.


Message History

The leopard gecko is almost dead.
The leopard gecko bites you but does no damage.
You hit the leopard gecko.
You kill the leopard gecko!
Trog accepts your kill.
You see here a leopard gecko corpse.
The worm barely misses you.
A jackal comes into view.
The jackal barks!
You hit the worm.
The worm is moderately wounded.
You hear a bark!
The worm closely misses you.
You slash the worm!
The worm is severely wounded.
The worm bites you but does no damage.
You hit the worm.
The worm is almost dead.
The worm bites you!
You die...

.......# ###.#...>#
........# ###.#....# #
.........# .# #
.......##[#.# # #
#.hw.......
##.#.##.@.......
..........##.#.. ..#
.....##)†....... #..#
##.(......##.#.# ...#
#.####...# # ###..#
#...##.# #.#..#
#......#.###.#..#
##########...####.....#..##
.....)..............).....#


You could see a worm and a jackal.

Vanquished Creatures
  Natasha (twice) (D:2)
  Terence (D:2)
  An adder (D:2)
  A leopard gecko (D:2)
  2 bats
  A frilled lizard (D:1)
  3 goblins
  3 kobolds (D:1)
  2 rats (D:1)
16 creatures vanquished.

Notes
Turn   | Place    | Note
-------+----------+-------------------------------------------
     0 | D:1      | Fang the Gargoyle Berserker began the quest for the Orb.
     0 | D:1      | Reached XP level 1. HP: 14/14 MP: 1/1
   515 | D:2      | Reached XP level 2. HP: 18/19 MP: 2/2
   517 | D:2      | Noticed Natasha
   523 | D:2      | Noticed a crimson imp
   531 | D:2      | Killed Natasha
   531 | D:2      | Reached XP level 3. HP: 5/24 MP: 3/3
   799 | D:2      | Noticed Terence
   811 | D:2      | Killed Terence
   811 | D:2      | Reached XP level 4. HP: 19/29 MP: 4/4
   940 | D:2      | Noticed Natasha
   949 | D:2      | Killed Natasha
   949 | D:2      | Reached skill level 4 in Fighting
   967 | D:2      | Slain by a worm

Skill      XL: |  1  2  3  4 |
---------------+-------------+-----
Axes           | 3 |  3.3
Dodging        | 2 |  2.3
Armour         | 3 |  3.2
Fighting       | 4 |  4.0

Action                   |  1- 3 |  4- 6 || total
-------------------------+-------+-------++-------
Melee: Hand axe          |    59 |    16 ||    75
Invok: Berserk           |     2 |     1 ||     3
  Eat: Chunk             |       |     2 ||     2
Armor: Animal skin       |    16 |    13 ||    29
Dodge: Dodged            |    47 |    10 ||    57
